[Event "*** Titled Tuesday Blitz"]
[Site "Chess.com"]
[Date "2021.04.27"]
[Round "3"]
[White "WildBizon"]
[Black "jens1102"]
[Result "1-0"]
[WhiteElo "2621"]
[BlackElo "2403"]
[TimeControl "180+1"]
[EndTime "10:28:46 PDT"]
[Termination "WildBizon won by resignation"]

1. e4 e5 2. Nf3 Nc6 3. c3 d5 4. Qa4 dxe4 5. Nxe5 Nf6 6. Nxc6 bxc6 7. Qxc6+ Bd7 8. Qa6 Bd6 9. Be2 O-O 10. O-O Ng4 11. h3 Qh4 12. d4 Nh2 13. Nd2 Nxf1 14. Nxf1 f5 15. c4 f4 16. c5 f3 17. Bc4+ Kh8 18. cxd6 fxg2 19. Ng3 Bxh3 20. Qb5 Qxg3 21. Be3 Qh4 22. Qg5 Qxg5 23. Bxg5 cxd6 24. Be7 Rfe8 25. Bxd6 Rac8 26. b3 Rcd8 27. Be5 Be6 28. Bb5 Bd7 29. Bxd7 Rxd7 30. Kxg2 Red8 31. Re1 Rd5 32. Rxe4 Ra5 33. a4 Rad5 34. Rg4 R8d7 35. Kf3 Kg8 36. Ke4 a5 37. f4 h6 38. f5 Rd8 39. f6 g5 40. Kf5 Kf7 41. Rg1 R5d7 42. Rh1 Rh8 43. Rc1 Rb7 44. Rc3 Rg8 45. d5 g4 46. Bf4 h5 47. d6 h4 48. Bg5 h3 49. Kxg4 h2 50. Rh3 Rb4+ 51. Kf5 Rxb3 52. Rxh2 Rf3+ 53. Bf4 Rd3 54. Rh7+ Ke8 55.
f7+ Kf8 56. Bh6+ Rg7 57. Bxg7+ Kxf7 58. Be5+ Kg8 1-0

[Event "*** Titled Tuesday Blitz"]
[Site "Chess.com"]
[Date "2021.04.27"]
[Round "3"]
[White "ajdemipopushi"]
[Black "PotapovaM"]
[Result "0-1"]
[WhiteElo "2340"]
[BlackElo "2569"]
[TimeControl "180+1"]
[EndTime "10:28:46 PDT"]
[Termination "PotapovaM won on time"]

1. Nf3 Nf6 2. g3 b6 3. Bg2 Bb7 4. O-O e6 5. c4 Be7 6. d4 O-O 7. d5 exd5 8. Nh4 c6 9. cxd5 Nxd5 10. Nf5 Re8 11. e4 Nc7 12. Nc3 d5 13. Bf4 Nba6 14. Qg4 g6 15. Rad1 Bf8 16. Nh6+ Bxh6 17. Bxh6 d4 18. Ne2 Ne6 19. f4 d3 20. Nc3 Qd4+ 21.
Kh1 Nec5 22. f5 Bc8 23. Ne2 Qe5 24. Nc3 Nb4 25. a3 Nc2 26. Bf4 Qd4 27. Ne2 Qd8 28. Nc3 Nd4 29. b4 Nd7 30. Rxd3 c5 31. Nd5 Ba6 32.
Rxd4 cxd4 33. Rd1 Nf6 34. Nxf6+ Qxf6 35. Bg5 Qe5 36. Qh4 d3 37. Bf6 Qd6 38. Qg5 Qf8 39. e5 Rad8 40. h4 h5 41. g4 Bb7 42. fxg6 Bxg2+ 43. Kxg2 Rxe5 0-1

[Event "*** Titled Tuesday Blitz"]
[Site "Chess.com"]
[Date "2021.04.27"]
[Round "3"]
[White "Piotrek1979"]
[Black "lacafi"]
[Result "1-0"]
[WhiteElo "2335"]
[BlackElo "2175"]
[TimeControl "180+1"]
[EndTime "10:28:46 PDT"]
[Termination "Piotrek1979 won on time"]

1. e4 c6 2. d4 d5 3. Nc3 dxe4 4. Nxe4 Nf6 5. Nxf6+ exf6 6. c3 Bd6 7. Bd3 O-O 8. Ne2 Re8 9. O-O Nd7 10. Bf4 Nf8 11. Qd2 Ne6 12. Bg3 Qc7 13. Rfe1 Bd7 14. c4 b6 15.
Rac1 h5 16. d5 Nc5 17. Bb1 Rad8 18. Bxd6 Qxd6 19. Nf4 h4 20. b4 Nb7 21. a3 a5 22.
Qd3 f5 23. dxc6 Qxc6 24. Nd5 Be6 25. Ba2 axb4 26. axb4 Qd6 27. Qd4 h3 28. Qxb6 Bxd5 29. Qxd6 Rxe1+ 30. Rxe1 Rxd6 31. cxd5 hxg2 32. Kxg2 Rb6 33.
Rb1 Nd6 34. Kf3 Kf8 35. Ke3 Ke7 36. Kd4 Rb8 37. Bc4 Rc8 38. Bd3 g6 39. b5 Rb8 40.
b6 Kf6 41. Kc5 Ke5 42. Re1+ Ne4+ 43. Bxe4 fxe4 44. f3 f5 45. fxe4 fxe4 46. d6 Kf4 47.
d7 e3 48. Kc6 Kf3 49. Kc7 Rh8 50. b7 1-0

[Event "*** Titled Tuesday Blitz"]
[Site "Chess.com"]
[Date "2021.04.27"]
[Round "3"]
[White "Iball95"]
[Black "Grandelicious"]
[Result "0-1"]
[WhiteElo "2618"]
[BlackElo "2844"]
[TimeControl "180+1"]
[EndTime "10:28:49 PDT"]
[Termination "Grandelicious won by checkmate"]

1. e4 c5 2. Nf3 d6 3. Bb5+ Nd7 4.
d4 cxd4 5. Qxd4 a6 6. Bxd7+ Bxd7 7. Nc3 e6 8. O-O Bc6 9. Bg5 f6 10. Bh4 Nh6 11. Rfe1 Be7 12. Qc4 Bd7 13. Rad1 Qc8 14. Qd3 Nf7 15. Bg3 b5 16. a3 O-O 17. Ne2 Qb7 18. c3 Rad8 19. h4 e5 20. c4 bxc4 21. Qxc4 Bb5 22. Qc2 d5 23. exd5 Rxd5 24. Rxd5 Qxd5 25.
Nc3 Qc4 26. Nd2 Qc8 27. Qb3 Bc6 28. f3 Kh8 29. Bf2 Rd8 30. Nde4 Nh6 31. Rc1 Bxe4 32. fxe4 Ng4 33. Rd1 Rxd1+ 34. Qxd1 Bc5 35. Nd5 Nxf2 36. Qc2 Nxe4+ 37. Kh1 Nd6 38. b4 Bd4 39. Qd3 Qc1+ 40. Kh2 Qg1+ 41. Kh3 Qh1+ 42. Kg3 Qe1+ 43. Kh3 Kg8 44.
Qxa6 Qh1+ 45. Kg3 Nf5+ 46. Kf3 Nxh4+ 47. Kg3 Qxg2+ 48. Kxh4 Bf2+ 49. Kh5 Qg5# 0-1

[Event "*** Titled Tuesday Blitz"]
[Site "Chess.com"]
[Date "2021.04.27"]
[Round "3"]
[White "DonBroca"]
[Black "ukchessbomber"]
[Result "0-1"]
[WhiteElo "2216"]
[BlackElo "2513"]
[TimeControl "180+1"]
[EndTime "10:28:49 PDT"]
[Termination "ukchessbomber won by resignation"]

1. e4 g6 2. d4 Bg7 3. Nf3 d6 4. c4 Nf6 5. Nc3 O-O 6. Be2 a5 7. h3 e5 8. Be3 Nc6 9. d5 Ne7 10. Qd2 Nd7 11. Bh6 Nc5 12. Bxg7 Kxg7 13. g4 c6 14. Rg1 cxd5 15. cxd5 Bd7 16. Nh4 b5 17. Nf5+ Nxf5 18. gxf5 b4 19. Nb5 Nxe4 20. Qe3 Bxf5 21.
Bd3 Qh4 22. Bxe4 Qxe4 23. Nxd6 Qxe3+ 24. fxe3 Bxh3 25. e4 f5 26. exf5 Bxf5 27. Rc1 Ra7 28. Rc5 Rd7 29. Nc4 Bd3 30. Nxa5 Be4 31. Nc6 Rxd5 32.
Rxd5 Bxd5 33. Nxb4 Bg8 34. a3 h5 35. Nc6 Bd5 36.
Ne7 Be4 37. Ke2 Re8 38. Ke3 Bc2 39. Nf5+ Bxf5 40. Kf3 e4+ 41. Ke3 Kf6 42. Rc1 Kg5 43. Rg1+ Kf6 44. Rh1 Rh8 45. Rh4 Kg5 46. Rh2 h4 47.
Rg2+ Kf6 48. Rh2 h3 49. Kf4 Rh4+ 50. Kg3 Rg4+ 51. Kxh3 Rg5+ 52. Kh4 Rh5+ 53. Kg3 Rxh2 54. Kxh2 Ke5 55. Kg3 Kd4 56. Kf4 Kd3 57. Kg5 e3 58.
Kf6 e2 0-1

[Event "*** Titled Tuesday Blitz"]
[Site "Chess.com"]
[Date "2021.04.27"]
[Round "3"]
[White "BJthechessgod"]
[Black "gisela_roque"]
[Result "1-0"]
[WhiteElo "2284"]
[BlackElo "1880"]
[TimeControl "180+1"]
[EndTime "10:28:50 PDT"]
[Termination "BJthechessgod won on time"]

1. e4 e6 2. d4 d5 3. Nc3 Nf6 4. e5 Nfd7 5. f4 c5 6. Nf3 Nc6 7. Be3 cxd4 8. Nxd4 Bc5 9. Qd2 a6 10. O-O-O Nxd4 11. Bxd4 Bxd4 12. Qxd4 O-O 13. g4 b5 14. f5 exf5 15. gxf5 Qg5+ 16. Kb1 Qxf5 17. Qxd5 Nb6 18. Qc6 Qe6 19. Rd6 Qxe5 20. Qxb6 Bg4 21. Bg2 Rae8 22. Qd4 Qxd4 23. Rxd4 h5 24. Rhd1 Bxd1 25. Rxd1 Rd8 26. Nd5 Kh8 27. b3 Rd6 28. c4 bxc4 29. bxc4 Rc8 30. Rc1 Rdc6 31. Ne7 Rb8+ 32. Ka1 Rc7 33.
Nd5 Rc5 34. Bf1 Rbc8 35. Rd1 Rb8 36. a4 Ra5 37. Nc3 Rc5 38. Ka2 Rb4 39. Rd5 Rc8 40.
Rxh5+ Kg8 41. c5 Rcb8 42. Bxa6 Rb2+ 43. Ka1 R2b3 44. Nb5 Rb4 45. Nc3 Rb3 46. Rh3 Ra3+ 47. Na2 Rxh3 48. c6 Rxh2 49. Nc3 Rh1+ 50. Ka2 Rh2+ 51. Ka3 Rh3 52. Ka2 Rxc3 53. Bb5 Rb6 54. Kb2 Rc5 55. Kb3 Kf8 56. Kb4 Rc1 57. Ka5 Rb8 58.
Ka6 Ke7 59. Ka7 Rc8 60. Kb7 Rd8 61. a5 Kd6 62. a6 Re8 63. a7 Re7+ 64. Kb6 Ra1 65.
Ba6 Rxa7 66. c7 1-0

[Event "*** Titled Tuesday Blitz"]
[Site "Chess.com"]
[Date "2021.04.27"]
[Round "3"]
[White "profofchess"]
[Black "FMalexhdez"]
[Result "1-0"]
[WhiteElo "2481"]
[BlackElo "2262"]
[TimeControl "180+1"]
[EndTime "10:28:51 PDT"]
[Termination "profofchess won on time"]

1. e4 c5 2. Nf3 d6 3. d4 cxd4 4.
Qxd4 Nc6 5. Qe3 Nf6 6. Be2 g6 7.
O-O Bg7 8. h3 O-O 9. Rd1 Nd7 10.
Nc3 Nb6 11. Nd5 Nxd5 12. exd5 Ne5 13. Nxe5 Bxe5 14. Qb3 Bf5 15. Bh6 Bg7 16. Bxg7 Kxg7 17. c4 Qc7 18. Re1 e5 19. dxe6 Bxe6 20. Rad1 Rfd8 21.
Qc3+ Kg8 22. Qd4 a6 23. b3 Qc5 24. Bf3 Qc7 25. Bd5 Bxd5 26. Qxd5 Rac8 27. a4 Rd7 28. Rd3 Qc5 29. Qe4 Rcd8 30. Red1 b5 31. axb5 axb5 32.
Rd5 Qa3 33. Rxb5 Qb2 34. Qd3 Re7 35. Qd2 Re2 36. Qxb2 Rxb2 37. c5 d5 38. c6 Rc2 39.
Rbxd5 Rxd5 40. Rxd5 Rxc6 41. Rd8+ Kg7 42. Rb8 Rc1+ 43.
Kh2 Rb1 44. Kg3 h5 45. h4 Rb2 46. Kf3 Kh7 47. g3 Kg7 48. Ke3 Kh7 49. b4 Kg7 50. b5 Kh7 51. b6 Kg7 52. Kd4 Rb4+ 53. Kc5 Rb2 54. Kc6 1-0

[Event "*** Titled Tuesday Blitz"]
[Site "Chess.com"]
[Date "2021.04.27"]
[Round "3"]
[White "RobertoJBM"]
[Black "Alex_Terzi"]
[Result "1-0"]
[WhiteElo "2719"]
[BlackElo "2445"]
[TimeControl "180+1"]
[EndTime "10:28:52 PDT"]
[Termination "RobertoJBM won by checkmate"]

1. d4 Nf6 2. c4 c5 3. d5 b5 4. cxb5 a6 5. b6 d6 6. Nc3 Nbd7 7. Nf3 Nxb6 8. e4 g6 9. Nd2 Bg7 10. a4 O-O 11. a5 Nbd7 12. Nc4 Rb8 13. Be2 Ne8 14. O-O Ne5 15. Ne3 Nc7 16. f4 Nd7 17.
Kh1 Nb5 18. Nxb5 axb5 19. Ra2 c4 20. b3 cxb3 21. Qxb3 Nc5 22. Qb1 b4 23. Bc4 Ba6 24. Bxa6 Nxa6 25. Bb2 b3 26. Ra3 Nc5 27. Bxg7 Kxg7 28.
Nc4 Rb4 29. Nd2 Qb8 30. a6 Qb5 31. Rf3 b2 32. a7 Ra8 33. Ra2 Qb7 34. Rfa3 f6 35.
h3 h5 36. Kh2 h4 37. Ra5 Qb6 38. R5a3 Qb5 39. Rc3 Qe2 40. Rc2 Nd3 41. Nc4 Qxe4 42. Nxb2 Nxb2 43. Raxb2 Rxb2 44. Qxb2 Qxf4+ 45. Kh1 Rxa7 46. Re2 Rc7 47. Re1 g5 48. Qe2 Rb7 49. Qd3 Rc7 50. Qe2 Kf8 51. Qh5 Rc1 52. Qh8+ Kf7 53. Qh7+ Ke8 54. Qxe7# 1-0

[Event "*** Titled Tuesday Blitz"]
[Site "Chess.com"]
[Date "2021.04.27"]
[Round "3"]
[White "korkmaz16"]
[Black "Leonid_Starozhilov"]
[Result "0-1"]
[WhiteElo "2426"]
[BlackElo "2675"]
[TimeControl "180+1"]
[EndTime "10:28:53 PDT"]
[Termination "Leonid_Starozhilov won on time"]

1. e4 g6 2. d4 Bg7 3. Nc3 c6 4. Nf3 d5 5. h3 dxe4 6. Nxe4 Nf6 7. Nxf6+ exf6 8. Bd3 Be6 9. O-O Na6 10. a3 Nc7 11.
Re1 O-O 12. c4 Re8 13. Bf4 Qd7 14. Rc1 Rad8 15. Bxc7 Qxc7 16. d5 Bc8 17. Rxe8+ Rxe8 18. dxc6 bxc6 19. c5 Qf4 20. Rc4 Qb8 21. b4 Be6 22. Rd4 f5 23. Rd6 Bd5 24. Rd7 Qf4 25. Bf1 Bc3 26.
Rxd5 cxd5 27. Qxd5 Qe4 28. Qd7 Re7 29. Qd8+ Kg7 30. c6 Be5 31. Bd3 Bc7 32. Qxc7 Rxc7 33. Bxe4 fxe4 34. Nd4 Kf6 35. b5 Ke5 36. Nb3 Kd5 37.
a4 Kc4 38. Nd2+ Kb4 39. Nxe4 Kxa4 40. Nd6 Ka5 41. f4 Kb6 42. Ne8 Re7 43. c7 Rxe8 44. f5 Rc8 45. fxg6 hxg6 46. g4 Rxc7 47. h4 f6 48. h5 gxh5 0-1

[Event "*** Titled Tuesday Blitz"]
[Site "Chess.com"]
[Date "2021.04.27"]
[Round "3"]
[White "AlexPapasimakopoulos"]
[Black "Kaua18"]
[Result "0-1"]
[WhiteElo "2559"]
[BlackElo "2361"]
[TimeControl "180+1"]
[EndTime "10:28:53 PDT"]
[Termination "Kaua18 won by checkmate"]

1. d4 Nf6 2. c4 e6 3. Nc3 Bb4 4. Qc2 c5 5. dxc5 O-O 6. a3 Bxc5 7. b4 Be7 8. Bb2 b6 9. Nf3 Bb7 10. e3 a6 11. Be2 Qc7 12. O-O d6 13. Rfd1 Nbd7 14. Rd2 Rfd8 15. Rad1 Bf8 16. Qb3 h6 17. h3 Rac8 18. Na4 Bc6 19. b5 Bxf3 20. gxf3 a5 21. f4 Ne4 22. Rd4 Ndc5 23. Nxc5 Nxc5 24. Qc2 Qb7 25.
Bf1 f5 26. Bg2 Qf7 27. Kh2 Be7 28. R4d2 Qh5 29. Rg1 a4 30. Bxg7 Kxg7 31. Bf3+ Qg6 32. Rxg6+ Kxg6 33. Rd1 Bf6 34. Rg1+ Kh7 35. Bc6 Rc7 36.
Qd1 Bb2 37. Qh5 Rg7 38. Qh4 Rdg8 39. Rxg7+ Rxg7 40. Qd8 Bxa3 41. Qxb6 e5 42. fxe5 dxe5 43. Qa5 Nd3 44. Qxa4 Bd6 45. Qc2 e4+ 46. Kh1 Ra7 47. Qd1 Nxf2+ 48. Kg2 Nxd1 49. b6 Ra2+ 50. Kf1 Nxe3+ 51.
Ke1 Bb4# 0-1

[Event "*** Titled Tuesday Blitz"]
[Site "Chess.com"]
[Date "2021.04.27"]
[Round "3"]
[White "Klavdia_Nik"]
[Black "GMJustin"]
[Result "0-1"]
[WhiteElo "2044"]
[BlackElo "2293"]
[TimeControl "180+1"]
[EndTime "10:28:53 PDT"]
[Termination "GMJustin won on time"]

1. Nf3 d5 2. c4 d4 3. b4 c5 4. g3 cxb4 5. Bg2 Nc6 6. O-O e5 7. d3 Nf6 8. a3 bxa3 9. Bxa3 Bxa3 10. Nxa3 O-O 11. Ng5 h6 12. Ne4 Nxe4 13. Bxe4 Bh3 14.
Re1 Qd7 15. Qa4 a5 16. Reb1 Rfb8 17. Rb6 Nb4 18. Qxd7 Bxd7 19. Rxb7 Rxb7 20. Bxb7 Ra7 21. Bg2 f5 22. Rd1 Kf7 23. f4 exf4 24. gxf4 a4 25. Rb1 Nc6 26. Rb6 Ne7 27. Rd6 Be8 28. Rxd4 Ra6 29. c5 Ra5 30. Rc4 Bc6 31. d4 Bxg2 32.
Kxg2 Nd5 33. Kf3 Ke6 34. e4 fxe4+ 35. Kxe4 Nf6+ 36. Kd3 Kd5 37. Rc1 Ra8 38. Re1 Rb8 39. Re5+ Kc6 40. Kc4 Rb3 41. d5+ Nxd5 42. Re6+ Kc7 43.
Kxd5 Rxa3 44. Re7+ Kd8 45. Rxg7 Rh3 46. Ra7 a3 47. Kd6 Rd3+ 48. Kc6 Ke8 0-1

[Event "*** Titled Tuesday Blitz"]
[Site "Chess.com"]
[Date "2021.04.27"]
[Round "3"]
[White "MerryPoppies"]
[Black "playablecharacter"]
[Result "0-1"]
[WhiteElo "2089"]
[BlackElo "2299"]
[TimeControl "180+1"]
[EndTime "10:28:54 PDT"]
[Termination "playablecharacter won by checkmate"]

1. d4 f5 2. Nc3 Nf6 3. Bg5 d5 4. Bxf6 exf6 5. f3 Bb4 6. Qd3 O-O 7.
a3 Ba5 8. e3 Re8 9. O-O-O Qe7 10. Nxd5 Qd6 11. Qb3 Be6 12. Bc4 Nd7 13. Nh3 c6 14.
Ndf4 Bxc4 15. Qxc4+ Kh8 16. Rd3 b5 17. Qb3 Nb6 18.
Nf2 Nc4 19. Nh5 g6 20. Ng3 f4 21. Nge4 Qc7 22. Nxf6 Re6 23. N6e4 fxe3 24. Ng4 e2 25. c3 Rae8 26. Re1 h5 27. Ngf2 Qxh2 28. Qc2 Qxg2 29. Qxe2 Kg7 30. Qf1 Qh2 31. Qg1 Qf4+ 32. Kb1 Nd6 33.
Rde3 Bb6 34. Nh3 Qf8 35. Nhg5 Nxe4 36. fxe4 Rf6 37. e5 Rf5 38. Rg3 Bd8 39. Ne4 Re6 40. Re2 Qf7 41. Qg2 Be7 42. Re1 c5 43. Rg1 cxd4 44.
cxd4 b4 45. Ng5 Bxg5 46. Rxg5 Rxg5 47. Qxg5 bxa3 48. bxa3 Qb7+ 49. Ka2 Qd5+ 50. Kb1 Rb6+ 51. Kc2 Rc6+ 52. Kb1 Qb3+ 53. Ka1 Qxa3+ 54. Kb1 Qb3+ 55.
Ka1 Ra6# 0-1

[Event "*** Titled Tuesday Blitz"]
[Site "Chess.com"]
[Date "2021.04.27"]
[Round "3"]
[White "CrushingKings"]
[Black "CSB7"]
[Result "0-1"]
[WhiteElo "2515"]
[BlackElo "2740"]
[TimeControl "180+1"]
[EndTime "10:28:55 PDT"]
[Termination "CSB7 won by checkmate"]

1. e4 c5 2. d4 cxd4 3. c3 dxc3 4. Nxc3 Nc6 5. Nf3 d6 6. Bc4 a6 7. O-O Nf6 8. h3 g6 9. e5 dxe5 10. Qb3 e6 11. Bg5 Bg7 12. Rfd1 Qc7 13. Be3 Na5 14. Bb5+ axb5 15. Nxb5 Qc6 16. Qb4 Bf8 17. Nxe5 Bxb4 18. Nxc6 Nxc6 19. Nc7+ Ke7 20. Nxa8 Nd5 21. Bd4 Nxd4 22.
Rxd4 Bc5 23. Rc4 b6 24. b4 Ba6 25. Rcc1 Nxb4 26. Nc7 Bb7 27. a3 Nd3 28. Rc2 Rc8 29. Rd1 Nxf2 30. Rxf2 Bxf2+ 31. Kxf2 Rxc7 32. Rd3 Bd5 33. a4 Rc2+ 34. Ke3 Rxg2 35. Ra3 Rg3+ 36. Kd4 Rxa3 37. h4 Rxa4+ 38. Ke3 f6 39. Kd2 g5 40. Kc2 gxh4 41. Kb2 Rc4 42. Ka3 Kd6 43. Kb2 Kc5 44. Kb3 h3 45. Ka3 h2 46. Kb2 h1=Q 47.
Ka2 Qg1 48. Ka3 h5 49. Kb2 h4 50. Ka2 h3 51. Kb3 h2 52. Ka3 h1=Q 53. Kb2 f5 54. Ka2 f4 55. Kb3 f3 56. Ka3 f2 57.
Kb2 f1=Q 58. Ka2 e5 59. Kb3 e4 60. Ka3 e3 61. Kb2 e2 62. Ka2 e1=Q 63. Kb3 b5 64.
Ka3 b4+ 65. Kb2 Kb5 66. Ka2 Rc2# 0-1

[Event "*** Titled Tuesday Blitz"]
[Site "Chess.com"]
[Date "2021.04.27"]
[Round "3"]
[White "Valeron87"]
[Black "Chessmasterzt"]
[Result "1/2-1/2"]
[WhiteElo "2408"]
[BlackElo "2603"]
[TimeControl "180+1"]
[EndTime "10:28:58 PDT"]
[Termination "Game drawn by repetition"]

1. e4 c5 2. Nf3 Nc6 3. d4 cxd4 4. Nxd4 g6 5. c4 Nf6 6. Nc3 d6 7. Be2 Nxd4 8. Qxd4 Bg7 9. O-O O-O 10. Qd3 a5 11.
Be3 a4 12. f4 Qa5 13. Rac1 Nd7 14. Nd5 Re8 15. Bd4 e5 16. fxe5 Nxe5 17. Qe3 Qd8 18.
Bb6 Qh4 19. Nc7 Bh6 20. Qd4 Bg4 21. Nxe8 Rxe8 22. Rce1 Be6 23. b3 axb3 24. axb3 Nd7 25. Qxd6 Nxb6 26. Qxb6 Bf4 27. Rxf4 Qxf4 28. Bf3 Qd2 29. Rf1 Re7 30. e5 Qd7 31. Rd1 Qc7 32.
Qxc7 Rxc7 33. Rd8+ Kg7 34. Rb8 b5 35. Rxb5 Ra7 36.
Kf2 Ra1 37. Ke3 Ra2 38. Kd4 Rb2 39. Kc5 Kf8 40. Kb6 Ke7 41. Bd5 Bd7 42. Rb4 Re2 43. c5 Rxe5 44. Bf3 Bf5 45. c6 Kd6 46. c7 Re3 47.
Rd4+ Ke7 48. Rd8 Rxb3+ 49. Kc5 Rc3+ 50. Kb6 Rb3+ 51. Ka5 Rc3 52. Kb6 Rb3+ 1/2-1/2

[Event "*** Titled Tuesday Blitz"]
[Site "Chess.com"]
[Date "2021.04.27"]
[Round "3"]
[White "SirStrateg"]
[Black "monalize"]
[Result "1-0"]
[WhiteElo "2586"]
[BlackElo "2360"]
[TimeControl "180+1"]
[EndTime "10:28:58 PDT"]
[Termination "SirStrateg won on time"]

1. d4 Nf6 2. Nf3 d5 3. c3 c6 4. Bf4 g6 5. Nbd2 Bg7 6. h3 O-O 7. e3 Na6 8. Bxa6 bxa6 9. Qa4 Qb6 10. b4 Qb5 11. Qxb5 cxb5 12. Nb3 Ne4 13. Rc1 f6 14. Ke2 Re8 15. Nfd2 e5 16. Bh2 Ng5 17. Nc5 Nf7 18.
a4 bxa4 19. Ra1 Bf8 20. Rxa4 Bxc5 21. bxc5 Bd7 22. Ra3 Rab8 23. Rb1 Bb5+ 24. Kd1 Bd3 25. Rxb8 Rxb8 26. Kc1 Kf8 27. Nb3 Bf1 28. Na5 Rc8 29.
Nb7 Ke7 30. h4 Rc7 31. Na5 Bxg2 32. c4 Ke6 33. Kd2 Bf1 34. cxd5+ Kxd5 35. Kc3 Bb5 36. Nb3 Nd8 37. Nd2 exd4+ 38. exd4 Re7 39. Ra1 Nc6 40. Nf3 Re2 41. Bg3 a5 42. Ra3 a6 43.
Ra1 a4 44. Re1 a3 45. Rxe2 Bxe2 46. Nd2 Nxd4 47. Nb3 Nb5+ 48. Kb4 a2 49. Na1 Kc6 50. Bd6 1-0

[Event "*** Titled Tuesday Blitz"]
[Site "Chess.com"]
[Date "2021.04.27"]
[Round "3"]
[White "Kozok"]
[Black "PawnEatingZombie"]
[Result "1-0"]
[WhiteElo "2523"]
[BlackElo "2248"]
[TimeControl "180+1"]
[EndTime "10:28:58 PDT"]
[Termination "Kozok won on time"]

1. e4 c6 2. d4 d5 3. e5 Bf5 4. g4 Bg6 5. h4 h5 6. e6 Qd6 7. exf7+ Bxf7 8. g5 Nd7 9. f4 Be6 10. Bd3 Bg4 11. Nf3 O-O-O 12. Be3 e6 13. Nbd2 Ne7 14. c3 Nf5 15. Bf2 g6 16. Qa4 Kb8 17.
Bxf5 Bxf5 18. Ne5 Rh7 19. O-O-O Rc8 20. Rhe1 c5 21. dxc5 Nxc5 22. Bxc5 Rxc5 23. Ndc4 Qd8 24. b4 Rc8 25. Kb2 Rhc7 26. Qb5 Rxc4 27. Nxc4 Qc7 28. Rd4 dxc4 29. Red1 a6 30. Qa4 e5 31. Rd7 Bxd7 32. Rxd7 Qc6 33. Qxc6 bxc6 34. fxe5 c5 35. e6 cxb4 36. e7 Bxe7 37. Rxe7 bxc3+ 38. Kxc3 Rf8 39. Re6 Rf3+ 40. Kxc4 Rf4+ 41. Kc5 Rxh4 42. Rxg6 Rg4 43. Kb6 Kc8 44. Kxa6 h4 45. Kb6 h3 46. Rg8+ Kd7 47. g6 h2 48. Rh8 Rxg6+ 49. Kb5 Rg2 50. a4 Kc7 51. a5 Rb2+ 52. Kc5 Kb7 53. Kc4 Ka6 54. Rh5 Rf2 55. Kd3 Rb2 56. Kc3 Ra2 57.
Kb3 1-0

[Event "*** Titled Tuesday Blitz"]
[Site "Chess.com"]
[Date "2021.04.27"]
[Round "3"]
[White "PelinGorki"]
[Black "MeekinsKris"]
[Result "1-0"]
[WhiteElo "2512"]
[BlackElo "2210"]
[TimeControl "180+1"]
[EndTime "10:28:58 PDT"]
[Termination "PelinGorki won by resignation"]

1. e4 e5 2. Nc3 Nf6 3. Bc4 Nc6 4. d3 Bc5 5. f4 d6 6. Nf3 Bg4 7. Na4 Bb6 8. Nxb6 axb6 9. O-O O-O 10. c3 d5 11.
exd5 Nxd5 12. h3 Bxf3 13. Qxf3 Nxf4 14. Bxf4 exf4 15. Qxf4 Qd7 16. d4 Kh8 17. Rf3 Rae8 18. Raf1 f5 19. Kh1 Rf6 20. Qg5 Ref8 21. Rf4 h6 22.
Qh5 Ne7 23. Bd3 Qe8 24. Qxe8 Rxe8 25. Bxf5 Ref8 26. g4 g6 27. Re4 Nxf5 28. gxf5 gxf5 29. Re7 R8f7 30. Re8+ Kh7 31. Kg2 f4 32. Kf3 Rg6 33. Ke4 Rg2 34. Rxf4 Rd7 35. Kd3 Rxb2 36. Re2 Rxe2 37. Kxe2 Kg6 38. Kd3 Kg5 39. Rf8 Kh4 40. Rf3 Rg7 41. Kc4 Rg6 42. Kd5 Rc6 43. Ke5 Kg5 44. Rg3+ Kh5 45. d5 Rc4 46. Ke6 Ra4 47.
Kd7 c6 48. d6 Rxa2 49. Kc7 Rd2 50. d7 Kh4 51. Re3 b5 52. d8=Q+ Rxd8 53. Kxd8 c5 54.
Kc7 b4 55. cxb4 cxb4 56. Kxb7 Kg5 57. Kb6 h5 58. Kb5 1-0

[Event "*** Titled Tuesday Blitz"]
[Site "Chess.com"]
[Date "2021.04.27"]
[Round "3"]
[White "ybruned"]
[Black "Mikhail_Golubev"]
[Result "1/2-1/2"]
[WhiteElo "2359"]
[BlackElo "2573"]
[TimeControl "180+1"]
[EndTime "10:29:00 PDT"]
[Termination "Game drawn - insufficient material"]

1. b3 d6 2. Bb2 Nd7 3. e3 e5 4. d4 exd4 5. Qxd4 Ngf6 6. Nf3 Be7 7.
Be2 O-O 8. O-O b6 9. c4 Bb7 10. Nc3 Re8 11. Rad1 Bf8 12. h3 Nc5 13. Ne1 a5 14.
Bf3 Bxf3 15. Nxf3 Qd7 16. Nd5 Nxd5 17. Qxd5 Qe6 18. Qxe6 fxe6 19. Nd4 e5 20. Nb5 Re7 21. Ba3 Ne6 22. Nc3 Rf7 23. Ne4 h6 24. Bb2 Kh7 25. f3 Nc5 26. Nxc5 bxc5 27. Bc3 a4 28. e4 Be7 29. Rb1 axb3 30. axb3 Ra3 31. Rf2 Rf8 32. Rfb2 Bg5 33. Kf2 Rfa8 34. Ke2 Kg6 35. Be1 Ra2 36. Bf2 Bc1 37. Rxa2 Rxa2+ 38. Kf1 Bb2 39. Be1 Bd4 40. g3 Rc2 41. h4 Kf6 42. Rd1 h5 43. Rb1 g5 44. hxg5+ Kxg5 45. Rd1 Rb2 46. Rd3 Rh2 47.
Rd2 Rh1+ 48. Ke2 Rxe1+ 49. Kxe1 Bc3 50. Ke2 Bxd2 51. Kxd2 h4 52. gxh4+ Kxh4 53. Ke2 Kg3 54. Ke3 Kg2 55. Ke2 Kg3 56. Ke3 Kh3 57. Kf2 Kh2 58.
Ke2 Kg2 59. Ke3 Kf1 60. f4 exf4+ 61. Kxf4 Ke2 62. e5 dxe5+ 63. Kxe5 Kd3 64. Kd5 Kc3 65. Kxc5 Kxb3 66. Kc6 Kxc4 67. Kxc7 1/2-1/2

[Event "*** Titled Tuesday Blitz"]
[Site "Chess.com"]
[Date "2021.04.27"]
[Round "3"]
[White "Mazanchenko_Dmitry"]
[Black "GM_LOADING"]
[Result "0-1"]
[WhiteElo "2275"]
[BlackElo "2548"]
[TimeControl "180+1"]
[EndTime "10:29:00 PDT"]
[Termination "GM_LOADING won on time"]

1. e4 e5 2. Nf3 Nc6 3. d4 exd4 4.
Bc4 Nf6 5. e5 d5 6. Bb5 Nd7 7.
Bxc6 bxc6 8. e6 fxe6 9. Nxd4 Nb8 10. O-O c5 11. Qh5+ Kd7 12. Nf3 Nc6 13. Nc3 Qe8 14. Ne5+ Nxe5 15. Qxe5 Bb7 16. Bf4 Bd6 17. Qxg7+ Qe7 18. Qh6 Rag8 19. Bxd6 cxd6 20. f3 Rg6 21. Qd2 Rhg8 22. Rf2 Kc8 23. Re1 d4 24. Ne4 Kb8 25.
c3 e5 26. cxd4 cxd4 27. Qb4 h5 28. a4 h4 29. a5 Ka8 30. Qb5 Qg7 31. Ree2 h3 32. g4 Rxg4+ 33. fxg4 Qxg4+ 34. Ng3 Qe6 35. a6 Be4 36. Rxe4 Qc8 37. Qb7+ Qxb7 38. axb7+ Kxb7 39.
Kf1 Kc6 40. Rh4 Kd5 41. Rxh3 Rc8 42. Ke2 Rc2+ 43. Kf1 Rc1+ 44. Kg2 d3 45. Nf5 e4 46. Ne7+ Kd4 47. Rf4 d2 48. Rxe4+ Kxe4 0-1

[Event "*** Titled Tuesday Blitz"]
[Site "Chess.com"]
[Date "2021.04.27"]
[Round "3"]
[White "MarcoRiehle"]
[Black "mishanick"]
[Result "0-1"]
[WhiteElo "2706"]
[BlackElo "3016"]
[TimeControl "180+1"]
[EndTime "10:29:02 PDT"]
[Termination "mishanick won by resignation"]

1. e4 c5 2. a3 Nc6 3. b4 Nf6 4. b5 Nd4 5. c3 Ne6 6. e5 Nd5 7.
Bc4 Nb6 8. Ba2 d5 9. d4 g6 10. h4 h5 11. Nf3 Bg7 12. Be3 Qc7 13. Nbd2 a6 14. bxa6 Rxa6 15. O-O Rxa3 16. Ng5 Nxg5 17.
hxg5 c4 18. Bxc4 Rxa1 19. Bb5+ Bd7 20. Bxd7+ Nxd7 21. Qxa1 O-O 22. Rc1 b5 23. Qa6 Rb8 24.
e6 Nf8 25. exf7+ Kxf7 26. Nb3 Qb6 27. Qa2 Ne6 28. Re1 Qc6 29. Na5 Qd7 30. Nb3 Qc6 31.
Bd2 Ra8 32. Qc2 Nxd4 33. Nxd4 Bxd4 34. Qd3 Bg7 35. Rb1 Qc4 36. Qf3+ Kg8 37. Re1 e5 38. Qh3 Qc6 39. Rd1 Rf8 40. Be3 Rf5 41. Qh4 e4 42.
Bd4 Bxd4 43. Rxd4 Qxc3 44. Rd1 b4 45. Qh2 Qe5 46. Qh3 Qf4 47. Rf1 e3 48. Kh1 b3 49.
f3 b2 50. g4 e2 51. Re1 Qxf3+ 52. Qxf3 Rxf3 53. Kg2 Rf1 54. Rxe2 b1=Q 55. Re8+ Kf7 56.
Re7+ Kxe7 57. gxh5 Rg1+ 0-1

[Event "*** Titled Tuesday Blitz"]
[Site "Chess.com"]
[Date "2021.04.27"]
[Round "3"]
[White "tapu2"]
[Black "Sergey85Rodchenkov"]
[Result "0-1"]
[WhiteElo "2714"]
[BlackElo "2517"]
[TimeControl "180+1"]
[EndTime "10:29:02 PDT"]
[Termination "Sergey85Rodchenkov won by checkmate"]

1. e4 c5 2. Nc3 e6 3. f4 d5 4. Nf3 Nc6 5. Bb5 Ne7 6. Ne5 d4 7. Na4 Qa5 8. Qe2 f6 9. Nxc6 bxc6 10. Bc4 Qxa4 11. O-O Ng6 12. d3 Be7 13. Qh5 Kd8 14. Bd2 Rb8 15. b3 Qa3 16. Rab1 Rb4 17. Bxb4 Qxb4 18.
Qg4 f5 19. exf5 exf5 20. Qf3 Kc7 21. Rbe1 Bd6 22. g3 Ne7 23. Qh5 g6 24. Qh6 Rd8 25. Qxh7 Rd7 26. Qh8 Nd5 27. Bxd5 cxd5 28. Re8 Bb7 29.
Rf2 c4 30. Qf6 Qb6 31. Qxg6 Ba6 32. Re6 cxd3 33. cxd3 Bxd3 34. h4 Be4 35. Qf6 d3 36. Qc3+ Bc5 37. b4 Qxb4 38. Qxb4 Bxb4 39. Rb2 Bc5+ 40.
Kf1 Bd4 41. Rb4 Bc3 42. Rb3 d4 43. Kf2 d2 44. Rxc3+ dxc3 45. Rc6+ Kxc6 46. Ke3 Kc5 47. g4 Kc4 48. gxf5 d1=Q 49. Kxe4 Qd3+ 50. Ke5 Qd4+ 51. Ke6 Qd6# 0-1